 Dungeon Crawl Stone Soup version 0.26.0-10-g1f06aea511 (webtiles) character file.

Game seed: 9797909283272857515

10387 Arthanis the Arsonist (level 11, -2/57 HPs)
             Began as a Deep Elf Fire Elementalist on Jan 19, 2021.
             Was a High Priest of Vehumet.
             Splashed by a brown ugly thing's acid (5 damage)
             ... on level 11 of the Dungeon.
             The game lasted 00:17:37 (12900 turns).

Arthanis the Arsonist (Deep Elf Fire Elementalist) Turns: 12900, Time: 00:17:38

Health: -2/57      AC:  5    Str:  8    XL:     11   Next: 35%
Magic:  4/28       EV: 15    Int: 31    God:    Vehumet [*****.]
Gold:   779        SH:  0    Dex: 15    Spells: 10/32 levels left

rFire    . . .     SeeInvis .   q - +5 whip of Neurosis {elec, Int+7}
rCold    . . .     Faith    .   (no shield)
rNeg     + . .     Spirit   .   G - +0 robe {rN+}
rPois    +         Reflect  .   (no helmet)
rElec    .         Harm     .   (no cloak)
rCorr    +         Rampage  .   i - +1 pair of gloves {Str+3}
Will     +....                  E - +0 pair of boots
Stlth    ++........             (no amulet)
HPRegen  0.19/turn              h - ring of resist corrosion
MPRegen  0.21/turn              d - ring of poison resistance

@: no status effects
A: no striking features
a: Renounce Religion


You were on level 11 of the Dungeon.
You worshipped Vehumet.
Vehumet was extremely pleased with you.
You visited 1 branch of the dungeon, and saw 11 of its levels.

You collected 779 gold pieces.

Inventory:

Hand Weapons
 q - the +5 whip of Neurosis (weapon) {elec, Int+7}
   (You found it on level 4 of the Dungeon)

   Occasionally, upon striking a foe, it can discharge electrical energy and
   cause terrible harm.
   It affects your intelligence (+7).
 z - a +2 dagger of venom
 K - a +1 spectral quarterstaff
Armour
 a - a +0 robe
 i - a +1 pair of gloves of strength (worn)
 E - a +0 pair of boots (worn)
 G - a +0 robe of positive energy (worn)
Magical Staves
 r - an uncursed staff of conjuration
Jewellery
 d - a ring of poison resistance (right hand)
 h - a ring of resist corrosion (left hand)
Wands
 F - a wand of acid (5)
 H - a wand of flame (17)
 I - a wand of random effects (7)
Scrolls
 b - 2 scrolls of enchant armour
 c - 10 scrolls of remove curse
 g - 2 scrolls of enchant weapon
 k - a scroll of vulnerability {unknown}
 l - 4 scrolls of teleportation
 m - 2 scrolls of random uselessness {unknown}
 s - a scroll of noise {unknown}
 v - 4 scrolls of fog
 w - a scroll of fear {unknown}
 y - 2 scrolls of amnesia {unknown}
 B - 3 scrolls of immolation {unknown}
 J - 2 scrolls of identify
Potions
 e - 4 potions of brilliance {unknown}
 f - a potion of heal wounds {unknown}
 j - 5 potions of curing
 n - a potion of flight {unknown}
 o - a potion of might {unknown}
 p - a potion of ambrosia {unknown}
 t - a potion of berserk rage {unknown}
 u - 4 potions of mutation
 x - 3 potions of attraction {unknown}
 A - 2 potions of degeneration {unknown}
 C - 3 potions of haste {unknown}
 D - a potion of cancellation {unknown}


   Skills:
 - Level 2.0 Fighting
 + Level 4.8 Dodging
 - Level 3.0 Stealth
 + Level 11.4 Spellcasting
 + Level 9.4 Conjurations
 * Level 13.1 Fire Magic
 + Level 3.1 Evocations


You had 10 spell levels left.
You knew the following spells:

 Your Spells              Type           Power        Failure   Level
a - Foxfire               Conj/Fire      100%         1%          1
b - Conjure Flame         Conj/Fire      73%          1%          3
c - Sticky Flame          Conj/Fire      73%          1%          4
d - Fireball              Conj/Fire      36%          1%          5
e - Magic Dart            Conj           100%         1%          1
f - Stone Arrow           Conj/Erth      94%          1%          3
g - Bolt of Magma         Conj/Fire/Erth 29%          1%          5

Your spell library contained the following spells:

 Spells                   Type           Power        Failure   Level
 Freeze                   Ice            68%          1%          1
 Inner Flame              Hex/Fire       55%          1%          3
 Ensorcelled Hibernation  Hex/Ice        34%          4%          2
 Summon Ice Beast         Ice/Summ       17%          28%         4
 Metabolic Englaciation   Hex/Ice        8%           61%         5
 Ozocubu's Refrigeration  Ice            8%           69%         6


Dungeon Overview and Level Annotations

Branches:
Dungeon (11/15)            Temple (0/1) D:4            Lair (0/6) D:9
    Orc: D:9-12

Altars:
Ashenzari
Dithmenos
Elyvilon
Fedhas
Hepliaklqana
Nemelex Xobeh
Okawaru
Sif Muna
Uskayaw
Vehumet
Wu Jian
Xom
Yredelemnul
The Shining One


Message History

The bolt of acid hits the brown ugly thing.
The brown ugly thing is almost dead.
The brown ugly thing pecks you!
* * * LOW HITPOINT WARNING * * *
You are splashed with acid.
You resist.
* * * LOW HITPOINT WARNING * * *
Aiming: Corrosive Bolt
Press: ? - help, Shift-Dir - straight line, f/p - brown ugly thing
Aim: a brown ugly thing (severely wounded, 26% to evade)
The bolt of acid hits the brown ugly thing!
The brown ugly thing is almost dead.
The brown ugly thing barely misses you.
Aiming: Corrosive Bolt
Press: ? - help, Shift-Dir - straight line, f/p - brown ugly thing
Aim: a brown ugly thing (almost dead, 26% to evade)
The bolt of acid misses the brown ugly thing.
The brown ugly thing pecks you!
* * * LOW HITPOINT WARNING * * *
You are splashed with acid.
You resist.
You die...

#.# #
#.# #.
#.# #.
#.#
#..#[#
#..#.##
#^....#
#u# #@#
#.# ...
#####


You could see a brown ugly thing.

Vanquished Creatures
  2 two-headed ogres
  A cyclops (D:9)
  Joseph (D:8)
  4 molten gargoyles (D:10)
  A gargoyle (D:10)
  A troll (D:9)
  5 yaks
  Menkaure (D:5)
  6 orc warriors
  A black bear (D:5)
  2 ice beasts
  2 phantoms
  A sky beast (D:6)
  3 ogres
  4 centaurs
  A big kobold (D:8)
  Blork the orc (D:6)
  6 bullfrogs
  2 wyvern skeletons (D:9)
  2 water moccasin zombies
  A water moccasin skeleton (D:7)
  5 scorpions
  5 killer bees (D:9)
  12 wights
  2 howler monkeys
  A lava snake (D:10)
  2 bullfrog zombies
  A quasit (D:10)
  3 jellies
  2 centaur zombies
  7 orc priests
  10 hounds
  A bullfrog skeleton (D:10)
  22 orc wizards
  A gnoll shaman (D:10)
  2 iguanas
  8 worker ants
  A hound zombie (D:7)
  A hound skeleton (D:4)
  7 gnolls
  6 adders
  A white imp (D:8)
  6 ufetubi
  2 oozes
  An adder zombie (D:9)
  2 adder skeletons
  3 worms
  5 dart slugs
  4 leopard geckos
  61 orcs
  7 giant cockroaches
  6 goblins
  3 hobgoblins
  8 jackals
  3 quokkas
  2 ball pythons
  5 bats
  6 frilled lizards
  10 kobolds
  2 quokka skeletons
  A quokka zombie (D:9)
  14 rats
299 creatures vanquished.

Vanquished Creatures (others)
  1415 foxfires
1415 creatures vanquished.

Grand Total: 1714 creatures vanquished

Notes
Turn   | Place    | Note
-------+----------+-------------------------------------------
     0 | D:1      | Arthanis the Deep Elf Fire Elementalist began the quest for
                  | the Orb.
     0 | D:1      | Reached XP level 1. HP: 10/10 MP: 6/6
    13 | D:1      | Noticed a minotaur skeleton
   720 | D:1      | Reached XP level 2. HP: 15/15 MP: 5/8
  1463 | D:2      | Reached skill level 4 in Fire Magic
  1464 | D:2      | Reached XP level 3. HP: 19/19 MP: 5/10
  1468 | D:2      | Learned a level 3 spell: Conjure Flame
  1894 | D:2      | Reached XP level 4. HP: 24/24 MP: 3/12
  2384 | D:3      | Learned a level 4 spell: Sticky Flame
  2582 | D:3      | Reached skill level 5 in Fire Magic
  2684 | D:3      | Reached XP level 5. HP: 28/28 MP: 9/13
  3414 | D:4      | Found a sparkling altar of Nemelex Xobeh.
  3422 | D:4      | Found a radiant altar of Vehumet.
  3422 | D:4      | Found a shimmering altar of Xom.
  3422 | D:4      | Found an ornate altar of the Wu Jian Council.
  3424 | D:4      | Found a glowing golden altar of the Shining One.
  3429 | D:4      | Became a worshipper of Vehumet
  3433 | D:4      | Found a white marble altar of Elyvilon.
  3444 | D:4      | Noticed an ogre
  3452 | D:4      | Killed an ogre
  3498 | D:4      | Found a shadowy altar of Dithmenos.
  3499 | D:4      | Found a broken altar of Ashenzari.
  3499 | D:4      | Found a shimmering blue altar of Sif Muna.
  3500 | D:4      | Found a hazy altar of Hepliaklqana.
  3500 | D:4      | Found a blossoming altar of Fedhas.
  3511 | D:4      | Reached XP level 6. HP: 32/32 MP: 8/15
  3613 | D:4      | Reached skill level 5 in Spellcasting
  3613 | D:4      | Reached skill level 6 in Fire Magic
  3846 | D:4      | Got a polished whip
  3850 | D:4      | Identified the +5 whip of Neurosis {elec, Int+7} (You found
                  | it on level 4 of the Dungeon)
  3857 | D:4      | Learned a level 5 spell: Fireball
  4217 | D:4      | Found a staircase to the Ecumenical Temple.
  4300 | D:4      | Reached * piety under Vehumet
  4300 | D:4      | Offered knowledge of Sandblast by Vehumet.
  4304 | D:4      | Reached XP level 7. HP: 33/36 MP: 10/17
  4658 | D:5      | Entered Level 5 of the Dungeon
  4666 | D:5      | Reached skill level 7 in Fire Magic
  4900 | D:5      | Noticed Menkaure
  5144 | D:5      | Killed Menkaure
  5330 | D:5      | Identified the Incunabulum of the Snowflakes
  5336 | D:5      | Reached skill level 5 in Conjurations
  5593 | D:5      | Reached skill level 8 in Fire Magic
  5593 | D:5      | Reached XP level 8. HP: 30/41 MP: 10/20
  6116 | D:6      | Reached ** piety under Vehumet
  6116 | D:6      | Offered knowledge of Magic Dart by Vehumet.
  6366 | D:6      | Reached skill level 9 in Fire Magic
  6898 | D:6      | Noticed Blork the orc
  6907 | D:6      | Killed Blork the orc
  6966 | D:6      | Learned a level 1 spell: Magic Dart
  7481 | D:7      | Reached XP level 9. HP: 45/45 MP: 12/23
  7608 | D:7      | Offered knowledge of Ignite Poison by Vehumet.
  7629 | D:7      | Reached skill level 10 in Fire Magic
  7809 | D:7      | Reached *** piety under Vehumet
  8108 | D:7      | Reached skill level 1 in Evocations
  8476 | D:8      | Noticed a two-headed ogre
  8487 | D:8      | Killed a two-headed ogre
  8712 | D:8      | Offered knowledge of Hailstorm by Vehumet.
  8785 | D:8      | Noticed Joseph
  8793 | D:8      | HP: 2/45 [centaur/arrow (13)]
  8794 | D:8      | Killed Joseph
  8795 | D:8      | Reached skill level 11 in Fire Magic
  8795 | D:8      | Reached XP level 10. HP: 2/50 MP: 7/25
  9448 | D:8      | Found a hide-covered altar of Uskayaw.
  9450 | D:8      | Found a basalt altar of Yredelemnul.
  9941 | D:9      | Noticed a cyclops
  9947 | D:9      | Killed a cyclops
  9948 | D:9      | Reached skill level 10 in Spellcasting
 10208 | D:9      | Reached **** piety under Vehumet
 10318 | D:9      | Offered knowledge of Stone Arrow by Vehumet.
 10633 | D:9      | Reached skill level 1 in Fighting
 10848 | D:9      | Found a staircase to the Lair.
 10853 | D:9      | Reached skill level 12 in Fire Magic
 10987 | D:9      | Found an iron altar of Okawaru.
 11261 | D:10     | Entered Level 10 of the Dungeon
 11620 | D:9      | Learned a level 3 spell: Stone Arrow
 11635 | D:10     | Noticed a gargoyle
 11765 | D:10     | Killed a gargoyle
 11766 | D:10     | Reached ***** piety under Vehumet
 11767 | D:10     | Reached XP level 11. HP: 53/57 MP: 18/28
 11908 | D:10     | Offered knowledge of Bolt of Magma by Vehumet.
 11916 | D:10     | Learned a level 5 spell: Bolt of Magma
 12173 | D:10     | Noticed a two-headed ogre
 12190 | D:10     | Killed a two-headed ogre
 12191 | D:10     | Reached skill level 13 in Fire Magic
 12891 | D:11     | Noticed a brown ugly thing
 12900 | D:11     | Splashed by a brown ugly thing's acid

Illustrated notes

Levels and vault maps discovered:
D:1:      shiori_arrival_whats_in_store_for_you, layout_basic,
          chequers_serial_rivers_room_a
D:2:      layout_rooms
D:3:      layout_loops_ring
D:4:      layout_gridville, grunt_temple_overflow_open, minitemple,
          minmay_temple_entry_enclosed_plants
D:5:      layout_rooms, nicolae_sextant, minmay_misc_feat_diagonals,
          uniq_menkaure
D:6:      layout_loops_ring, uniq_blork_the_orc
D:7:      layout_cave_pools
D:8:      layout_loops_corners, nicolae_overflow_hidden_temple, uniq_joseph
D:9:      layout_roguey, lair_entry_dummy, okawaru_ov_weapons_minmay
D:10:     layout_cave_pools, minivault_8
D:11:     layout_basic, gammafunk_ghost_hydra_chop

Skill      XL: |  1  2  3  4  5  6  7  8  9 10 11 |
---------------+----------------------------------+-----
Fire Magic     | 4 5 6 8 9 11 12 13 | 13.1
Conjurations   | 2 3 4 5 6 7 9 |  9.4
Spellcasting   | 4 5 6 8 9 11 | 11.4
Evocations     | 2 3 |  3.1
Dodging        | 4 |  4.8
Stealth        | 3 |  3.0
Fighting       | 2 |  2.0

Action                   |  1- 3 |  4- 6 |  7- 9 | 10-12 || total
-------------------------+-------+-------+-------+-------++-------
Melee: Unarmed           |     1 |     2 |       |       ||     3
       Whip              |       |       |    11 |    12 ||    23
 Cast: Foxfire           |    92 |   164 |   359 |   240 ||   855
       Sticky Flame      |       |       |    12 |    18 ||    30
       Fireball          |       |       |     9 |    31 ||    40
       Conjure Flame     |       |       |       |     1 ||     1
       Stone Arrow       |       |       |       |    13 ||    13
       Bolt of Magma     |       |       |       |     8 ||     8
       Magic Dart        |       |       |       |     5 ||     5
Evoke: Wand              |       |       |       |     3 ||     3
  Use: Scroll            |       |       |     1 |     6 ||     7
 Stab: Sleeping          |       |     1 |     1 |       ||     2
Armor: Robe              |     3 |     5 |     9 |    14 ||    31
Dodge: Dodged            |    11 |     9 |    58 |    57 ||   135
